 Dungeon Crawl Stone Soup version 0.16.1-25-gbcee3f8 (webtiles) character file.

1180 linquant the Magician (level 8, -1/61 (62) HPs)
             Began as a White Draconian Wizard on May 18, 2015.
             Was an Initiate of Sif Muna.
             Slain by a yak (11 damage)
             ... on level 7 of the Dungeon.
             The game lasted 01:42:31 (5795 turns).

linquant the Magician (White Draconian Wizard)      Turns: 5795, Time: 01:42:37

HP:   -1/61 (62)    AC:  8    Str:  9    XL:     8   Next: 19%
MP:   16/20         EV: 16    Int: 20    God:    Sif Muna [......]
Gold: 245           SH:  0    Dex: 11    Spells: 5 memorised, 8 levels left

rFire  . . .     SeeInvis .     K - +3 great sword
rCold  + . .     Clarity  +     (armour unavailable)
rNeg   . . .     SustAb   .     (no shield)
rPois  .         Gourm    .     b - +0 hat
rElec  .         Spirit   .     B - +1 cloak
rCorr  .         Warding  .     (no gloves)
rMut   .         Stasis   .     (no boots)
MR     +....                    F - amulet of clarity
Stlth  ++........               H - ring of protection from magic
                                e - +3 ring of evasion

@: short of breath, non-regenerating, rotting, diseased, somewhat resistant to
hostile enchantments, unstealthy
A: breathe frost, unfitting armour, cold resistance 1, cold-blooded, AC +6
a: Breathe Frost, Renounce Religion


You were on level 7 of the Dungeon.
You worshipped Sif Muna.
Sif Muna was noncommittal.
You were hungry.

You visited 2 branches of the dungeon, and saw 8 of its levels.

You collected 245 gold pieces.

Inventory:

Hand weapons
 g - a +0 scythe
 i - a +0 dagger of freezing
 k - a +0 club
 l - a +0 short sword
 m - a +0 falchion
 p - a +1 dagger of flaming
 r - a +0 mace
 s - a +0 rapier
 t - a +1 flail
 x - a +0 halberd
 y - a +3 quarterstaff of chaos
 C - a +0 hammer
 K - a +3 great sword (weapon)
Armour
 b - a +0 hat (worn)
 n - a +0 helmet
 v - a cursed +0 leather armour
 B - a +1 cloak (worn)
Jewellery
 e - a +3 ring of evasion (left hand)
 o - an uncursed ring of protection from magic
 u - an uncursed ring of ice
 A - an uncursed amulet of rage
 F - an amulet of clarity (around neck)
 H - a ring of protection from magic (right hand)
Magical devices
 h - a wand of teleportation (0)
 E - a wand of fireball (0)
Scrolls
 a - a scroll of magic mapping
 j - 6 scrolls of remove curse
 G - 2 scrolls of noise
 J - a scroll of teleportation
Potions
 q - a potion of ambrosia
 w - 2 potions of agility
 D - a potion of brilliance
 I - a potion of haste
 M - a potion of poison
Books
 c - a book of Minor Magic

   Spells                             Type                      Level
   a - Magic Dart                     Conjuration                  1
   b - Blink                          Translocation                2
   c - Call Imp                       Summoning                    2
   d - Repel Missiles                 Charms/Air                   2
   e - Slow                           Hexes                        2
   f - Conjure Flame                  Conjuration/Fire             3
   g - Mephitic Cloud                 Conjuration/Poison/Air       3
 O - a book of Annihilations {highlevel, unknown}

   This book is beyond your current level of understanding.

   Spells                             Type                      Level
   a - Poison Arrow                   Conjuration/Poison           6
   b - Chain Lightning                Conjuration/Air              8
   c - Lehudib's Crystal Spear        Conjuration/Earth            8
   d - Glaciate                       Conjuration/Ice              9
   e - Fire Storm                     Conjuration/Fire             9
Comestibles
 d - 5 bread rations
 z - 2 meat rations


   Skills:
 + Level 2.4 Fighting
 + Level 0.4(0.5) Short Blades
 + Level 0.4(0.5) Long Blades
 + Level 1.0(1.4) Maces & Flails
 + Level 1.7(1.9) Staves
 + Level 4.5 Dodging
 + Level 2.8 Stealth
 + Level 0.2 Unarmed Combat
 + Level 5.7 Spellcasting
 + Level 2.2 Conjurations
 + Level 3.5 Summonings
 + Level 1.6 Translocations
 + Level 1.2 Air Magic
 + Level 1.0 Poison Magic
 + Level 0.7 Evocations


You had 8 spell levels left.
You knew the following spells:

 Your Spells              Type           Power        Failure   Level  Hunger
a - Magic Dart            Conj           ##..         4%          1    None
b - Call Imp              Summ           ###.....     4%          2    None
c - Blink                 Tloc           N/A          10%         2    None
d - Mephitic Cloud        Conj/Pois/Air  ##......     21%         3    ##.....
e - Slow                  Hex            #.......     21%         2    None


Dungeon Overview and Level Annotations

Branches:
Dungeon (7/15)             Temple (1/1) D:6

Altars:
Elyvilon
Fedhas
Gozag
Kikubaaqudgha
Nemelex Xobeh
Okawaru
Ru
Sif Muna
Trog
Vehumet
Xom
Yredelemnul
Zin
The Shining One


Innate Abilities, Weirdness & Mutations

You can breathe waves of freezing cold.
You can buffet flying creatures when you breathe cold.
Your icy white scales are hard (AC +6).
Your body does not fit into most forms of armour.
Your flesh is cold resistant.
Your cold-blooded metabolism reacts poorly to cold.


Message History

Confirm with . or Enter, or press ? or * to list all spells.
You blink.
The yak misses you.
The necrophage hits you but does no damage.
You feel your flesh rotting away. The yak gores you.
The necrophage barely misses you. The yak barely misses you.
There is an open door here.
The yak gores you!
* * * LOW HITPOINT WARNING * * *
Use which ability? (? or * to list)
Press: ? - help, Shift-Dir - straight line, f - yak
Aim: a yak You exhale a wave of freezing cold.
The freezing breath hits the yak.
The yak is moderately wounded.
The freezing breath hits the necrophage.
The necrophage resists.
The necrophage is lightly damaged.
You feel somewhat more hungry. The yak gores you!
You die...

.....#..##..+....#..#
.....'...+..#....+..#
.....##)##+##....#.##
.##'#.........#'##'##
.#..#.........#.....#
.'..+.........+.<...#
.#..#.........##.########
#########...####.#......#
# #...'...@Yn.....# #
#...#....#......# #
#...######......# # #####
########


You could see a yak and a necrophage.

Vanquished Creatures
  2 ogres (D:4)
  A phantom (D:6)
  Duvessa (D:5)
  Blork the orc (D:4)
  Dowan (D:5)
  3 hounds
  A quasit (D:6)
  3 worker ants
  An orc wizard (D:6)
  A gnoll (D:7)
  3 adders
  An ooze (D:6)
  4 orcs
  14 bats
  2 giant cockroaches
  12 hobgoblins
  5 jackals
  12 kobolds
  5 quokkas
  2 ball pythons
  4 giant geckos
  A giant gecko skeleton (D:6)
  4 giant newts
  13 goblins
  12 rats
109 creatures vanquished.

Vanquished Creatures (collateral kills)
  Prince Ribbit (D:7)
  A yak (D:7)
  A centaur (D:7)
  Sigmund (D:5)
  A giant frog (D:7)
  Crazy Yiuf (D:3)
  2 worker ants
  Terence (D:3)
  Robin (D:3)
  3 orcs
  4 hobgoblins
  A jackal (D:2)
  A bat (D:3)
  7 goblins
26 creatures vanquished.

Vanquished Creatures (others)
  4 crimson imps
  2 shadow imps
  3 white imps
9 creatures vanquished.

Grand Total: 144 creatures vanquished

Notes
Turn   | Place    | Note
--------------------------------------------------------------
     0 | D:1      | linquant, the Draconian Wizard, began the quest for the Orb.
     0 | D:1      | Reached XP level 1. HP: 14/14 MP: 4/4
   160 | D:1      | Reached XP level 2. HP: 14/20 MP: 0/6
   164 | D:1      | Learned a level 2 spell: Call Imp
   167 | D:1      | Learned a level 2 spell: Blink
   710 | D:1      | Reached XP level 3. HP: 22/26 MP: 2/8
   816 | D:2      | Found a sacrificial altar of Ru.
   853 | D:2      | Found a basalt altar of Yredelemnul.
   858 | D:2      | Found an opulent altar of Gozag.
  1550 | D:3      | Reached XP level 4. HP: 33/33 MP: 6/10
  1714 | D:3      | Noticed Terence
  1726 | D:3      | Killed Terence
  1941 | D:3      | Noticed Robin
  1953 | D:3      | Killed Robin
  2093 | D:3      | Noticed Crazy Yiuf
  2101 | D:3      | Killed Crazy Yiuf
  2101 | D:3      | Reached skill level 4 in Spellcasting
  2279 | D:4      | Reached XP level 5. HP: 37/39 MP: 13/13
  2287 | D:4      | Learned a level 3 spell: Mephitic Cloud
  2514 | D:4      | Noticed Blork the orc
  2529 | D:4      | Killed Blork the orc
  2536 | D:4      | Noticed an ogre
  2540 | D:4      | Killed an ogre
  2540 | D:4      | Reached skill level 1 in Fighting
  2540 | D:4      | Reached skill level 1 in Maces & Flails
  2540 | D:4      | Reached XP level 6. HP: 10/47 MP: 10/15
  2771 | D:4      | Noticed an ogre
  2796 | D:4      | Killed an ogre
  2863 | D:4      | Reached skill level 1 in Air Magic
  3054 | D:5      | Entered Level 5 of the Dungeon
  3131 | D:5      | Noticed Sigmund
  3140 | D:5      | Killed Sigmund
  3140 | D:5      | Reached skill level 1 in Staves
  3152 | D:5      | Noticed Duvessa
  3164 | D:5      | Noticed Dowan
  3215 | D:5      | Killed Duvessa
  3215 | D:5      | Your scales start taking on an icy white colour.
  3215 | D:5      | Gained mutation: Your flesh is cold resistant. [draconian maturity]
  3215 | D:5      | Reached XP level 7. HP: 37/52 MP: 3/18
  3227 | D:5      | Killed Dowan
  3243 | D:5      | Noticed a wyvern
  3246 | D:5      | Found an iron altar of Okawaru.
  3303 | D:5      | Found a glowing silver altar of Zin.
  3512 | D:6      | Found a staircase to the Ecumenical Temple.
  3537 | Temple   | Entered the Ecumenical Temple
  4048 | D:6      | Reached skill level 5 in Spellcasting
  4091 | D:6      | Reached skill level 1 in Poison Magic
  4671 | D:6      | Found a deep blue altar of Sif Muna.
  4674 | D:6      | Became a worshipper of Sif Muna the Loreminder
  5147 | D:7      | Learned a level 2 spell: Slow
  5316 | D:7      | Noticed Prince Ribbit
  5316 | D:7      | Noticed a yak
  5318 | D:7      | Noticed a yak
  5319 | D:7      | Noticed a yak
  5414 | D:7      | Killed Prince Ribbit
  5414 | D:7      | Reached XP level 8. HP: 38/61 MP: 9/20
  5684 | D:7      | Killed a yak
  5795 | D:7      | Slain by a yak

Action                   |  1- 3 |  4- 6 |  7- 9 || total
-------------------------+-------+-------+-------++-------
Melee: Unarmed           |    34 |       |       ||    34
       Short sword       |    85 |       |       ||    85
       Club              |     7 |       |       ||     7
       Flail             |       |    21 |       ||    21
       Dagger            |       |    19 |       ||    19
       Quarterstaff      |       |    45 |    63 ||   108
       Great sword       |       |       |    27 ||    27
 Cast: Magic Dart        |    77 |    36 |    35 ||   148
       Call Imp          |     8 |    17 |    25 ||    50
       Blink             |     3 |     6 |     7 ||    16
       Mephitic Cloud    |       |     5 |     7 ||    12
 Abil: Breathe Frost     |       |       |     3 ||     3
Evoke: Wand              |       |     2 |     1 ||     3
  Use: Scroll            |     4 |     4 |     5 ||    13
       Potion            |     4 |     6 |     2 ||    12
 Stab: Sleeping          |       |       |     2 ||     2
       Confused          |       |       |     1 ||     1
  Eat: Meat ration       |     1 |     1 |       ||     2
       Fruit             |       |     2 |       ||     2
       Bread ration      |       |       |     1 ||     1
       Pizza             |       |       |     1 ||     1
